 Dungeon Crawl Stone Soup version 0.29.1-1-gd02db6906a (webtiles) character file.

Game seed: 10629212587739996801

1153 Colgate the Grappler (level 8, -11/62 HPs)
             Began as a Formicid Hunter on Oct 4, 2022.
             Was an Initiate of Ignis.
             Mangled by Pikel
             ... wielding a +1 whip of electrocution
              (18 damage)
             ... on level 4 of the Dungeon.
             The game lasted 00:17:41 (4890 turns).

Colgate the Grappler (Formicid Hunter)              Turns: 4890, Time: 00:17:42

Health: -11/62     AC: 12    Str: 19    XL:     8   Next: 65%
Magic:  17/17      EV:  6    Int:  8    God:    Ignis [......]
Gold:   193        SH:  0    Dex: 17    Spells: 7/7 levels left

rFire   + . .      SeeInvis +     - Unarmed
rCold   . . .      Faith    .   (no shield)
rNeg    + . .      Spirit   .   e - +1 plate armour
rPois   .          Reflect  .   (helmet unavailable)
rElec   .          Harm     .   (no cloak)
rCorr   .          Rampage  .   (no gloves)
Will    .....                   i - +0 pair of boots
Stlth   ..........              (no amulet)
HPRegen 0.20/turn               d - ring of positive energy
MPRegen 0.15/turn               k - ring of magical power

@: no status effects
A: permanent stasis, dig shafts and tunnels, antennae 3, four strong arms
a: Dig, Shaft Self, Renounce Religion, Rising Flame


You were on level 4 of the Dungeon.
You worshipped Ignis.
Ignis was noncommittal.
You visited 1 branch of the dungeon, and saw 6 of its levels.

You collected 193 gold pieces.

Inventory:

Hand Weapons
 a - a +0 shortbow
Missiles
 g - 2 throwing nets {!f}
Armour
 e - a +1 plate armour (worn)
 i - a +0 pair of boots (worn)
Magical Staves
 f - a staff of poison
Jewellery
 d - a ring of positive energy (left hand)
 k - a ring of magical power (right hand)
 m - a ring of wizardry
Wands
 q - a wand of flame (43)
 w - a wand of iceblast (1) {@v2}
Scrolls
 b - 2 scrolls of immolation
 h - 2 scrolls of amnesia
 j - 2 scrolls of teleportation {@r3}
 o - a scroll of blinking {@r4}
 p - 2 scrolls of fog
 r - 2 scrolls of magic mapping {unknown}
 u - a scroll of brand weapon {unknown}
 v - a scroll of noise {unknown}
Potions
 c - a potion of berserk rage {unknown}
 l - 7 potions of curing {@q1}
 n - a potion of flight {unknown}
 s - 2 potions of ambrosia
 t - a potion of haste {@q4}
 x - a potion of degeneration {unknown}
 z - a potion of magic {unknown}


   Skills:
 - Level 5.0 Fighting
 - Level 4.0 Ranged Weapons
 - Level 1.7 Dodging
 - Level 2.0 Stealth
 + Level 8.6 Unarmed Combat


You had 7 spell levels left.
You didn't know any spells.
Your spell library contained the following spells:

 Spells                   Type           Power      Damage    Failure   Level
 Apportation              Tloc           0%         N/A       100%        1
 Lesser Beckoning         Tloc           0%         N/A       100%        3
 Alistair's Intoxication  Tmut/Pois      0%         N/A       100%        5
 Manifold Assault         Tloc           0%         N/A       100%        5
 Blink                    Tloc           Unusable   N/A       N/A         2

Dungeon Overview and Level Annotations

Branches:
Dungeon (6/15)
 Temple: D:4-7

Altars:
Fedhas
Qazlal
Sif Muna
Ignis

Annotations:
D:4 Pikel


Innate Abilities, Weirdness & Mutations

You cannot be hasted, slowed, berserked, paralysed or teleported.
You can dig through walls and to a lower floor.
You have a pair of large antennae on your head. (SInv)
Your four strong arms can wield two-handed weapons with a shield.


Message History

The foxfire hits the lemure.
The foxfire hits the lemure but does no damage.
The foxfire hits Pikel.
The foxfire hits the lemure. x4
The foxfire hits Pikel.
The foxfire hits the lemure.
The foxfire hits Pikel but does no damage.
The foxfire hits Pikel.
The foxfire hits the lemure but does no damage.
The foxfire hits the lemure.
The foxfire hits Pikel.
The foxfire hits Pikel but does no damage.
Activating: Foxfire Swarm Flames leap up around you!
You can no longer armour yourself in flame.
You can no longer call a swarm of foxfires against your foes.
The lemure hits you.
* * * LOW HITPOINT WARNING * * *
The lemure hits you.
* * * LOW HITPOINT WARNING * * *
Pikel completely misses you.
Your foxfire dissipates!
The foxfire hits the lemure. x2; The foxfire hits Pikel.
The foxfire hits the lemure.
The foxfire hits the lemure but does no damage. x2
The foxfire hits Pikel.
The foxfire hits the lemure but does no damage. x2
The foxfire hits the lemure.
The foxfire hits Pikel.
The foxfire hits Pikel but does no damage.
The foxfire hits the lemure. x2
The foxfire hits the lemure but does no damage. x3
The foxfire hits Pikel.
The foxfire hits the lemure.
The foxfire hits Pikel.
Okay, then.
Unknown command.
Unknown command.
You are now empty-handed.
You miss Pikel. The lemure hits you.
* * * LOW HITPOINT WARNING * * *
The lemure hits you.
* * * LOW HITPOINT WARNING * * *
Pikel hits you but does no damage.
You are electrocuted!!
You die...

#....##.#....##.##...........
#....##.#....##.##...........
#....##.#....##.######'#####.
#####....##.#....##....###.......
............'...§##.........#####
#######'#####....§..........#####
#..........>..§...............
####.##.....55§.....####)#####
#.##..§..K@§.....# #.#
#.##...§§§§§..#### #.#
#.##..........# #.#
#.##..........#######.####
#.##.....................#
##.##)###+###############.#
#..##.# #.# #.# #.###.###.# #.#
##.##.##.## ######.##


You could see Pikel and 2 lemures.

Vanquished Creatures
  Sigmund (D:4)
  A wyvern (D:5)
  A water moccasin (D:5)
  2 ogres
  A centaur (D:5)
  A scorpion (D:4)
  A necrophage (D:5)
  A jelly (D:5)
  A hound (D:5)
  Jessica (D:3)
  Natasha (thrice) (D:3)
  2 orc wizards (D:4)
  8 adders
  A white imp (D:5)
  2 worms
  2 dart slugs (D:2)
  10 orcs
  6 endoplasms
  2 giant cockroaches
  2 goblins (D:4)
  3 hobgoblins
  8 jackals
  5 quokkas
  10 ball pythons
  8 bats
  5 frilled lizards
  10 kobolds
  5 rats
103 creatures vanquished.

Vanquished Creatures (others)
  74 foxfires
74 creatures vanquished.

Grand Total: 177 creatures vanquished

Notes
Turn   | Place    | Note
-------+----------+-------------------------------------------
     0 | D:1      | Colgate the Formicid Hunter began the quest for the Orb.
     0 | D:1      | Reached XP level 1. HP: 16/16 MP: 1/1
   132 | D:1      | Reached XP level 2. HP: 23/23 MP: 2/2
   156 | D:1      | Found a faded altar of an unknown god.
   159 | D:1      | Prayed at the altar of an unknown god.
   159 | D:1      | Became a worshipper of Ignis, the Dying Flame
   412 | D:1      | Reached XP level 3. HP: 29/29 MP: 3/3
  1198 | D:2      | Reached XP level 4. HP: 36/37 MP: 4/4
  1894 | D:3      | Reached skill level 5 in Fighting
  1907 | D:3      | Reached XP level 5. HP: 44/44 MP: 5/5
  1915 | D:3      | Noticed Jessica
  1925 | D:3      | Killed Jessica
  1926 | D:3      | Reached skill level 1 in Unarmed Combat
  2086 | D:3      | Noticed Natasha
  2099 | D:3      | Killed Natasha
  2100 | D:3      | Reached skill level 2 in Unarmed Combat
  2403 | D:3      | Noticed Natasha
  2417 | D:3      | Killed Natasha
  2446 | D:3      | Found a blossoming altar of Fedhas.
  2709 | D:3      | Reached XP level 6. HP: 28/51 MP: 6/6
  2713 | D:3      | Reached skill level 3 in Unarmed Combat
  2894 | D:3      | Noticed Natasha
  2903 | D:3      | Killed Natasha
  3063 | D:4      | Noticed an ogre
  3068 | D:4      | Killed an ogre
  3069 | D:4      | Reached skill level 4 in Unarmed Combat
  3192 | D:4      | Found a shimmering blue altar of Sif Muna.
  3262 | D:4      | You fall into a shaft and drop 2 floors!
  3274 | D:5      | Entered Level 5 of the Dungeon
  3274 | D:5      | Noticed an ogre
  3292 | D:5      | Reached XP level 7. HP: 27/56 MP: 7/7
  3298 | D:5      | Reached skill level 5 in Unarmed Combat
  3463 | D:5      | Found a stormy altar of Qazlal.
  3526 | D:5      | Noticed a water moccasin
  3538 | D:5      | Killed a water moccasin
  3539 | D:5      | Reached skill level 6 in Unarmed Combat
  4024 | D:5      | Noticed a wyvern
  4034 | D:5      | Killed a wyvern
  4035 | D:5      | Reached skill level 7 in Unarmed Combat
  4035 | D:5      | Reached XP level 8. HP: 37/62 MP: 8/8
  4423 | D:4      | Noticed Sigmund
  4432 | D:4      | Killed Sigmund
  4433 | D:4      | Reached skill level 8 in Unarmed Combat
  4882 | D:5      | Noticed Pikel
  4890 | D:4      | Mangled by Pikel

Illustrated notes

Levels and vault maps discovered:
D:1:      minmay_arrival_stair_chambers, layout_basic,
          shapermc_ecumenical_altar_mp_vishouse
D:2:      layout_loops_ring
D:3:      layout_rooms, lemuel_crystal_altar, wad_orctagon, uniq_jessica,
          uniq_natasha
D:4:      layout_basic, led_sif_book, hex_intersection, corexii_corridor_pit,
          uniq_sigmund
D:5:      layout_loops_ring, mainiacjoe_overflow_paths,
          mainiacjoe_overflow_alcove_4, uniq_pikel, uniq_crazy_yiuf_cottage
D:6:      layout_basic, mainiacjoe_overflow_surrounded_room,
          nemelex_dance_club_becter, uniq_menkaure

Skill      XL: |  1  2  3  4  5  6  7  8 |
---------------+-------------------------+-----
Stealth        | 2 |  2.0
Fighting       | 3 4 5 |  5.0
Unarmed Combat | 2 4 7 8 |  8.6
Ranged Weapons | |  4.0
Dodging        | |  1.7

Action                   |  1- 3 |  4- 6 |  7- 9 || total
-------------------------+-------+-------+-------++-------
Melee: Unarmed           |       |       |    41 ||    41
       Punch             |       |       |     2 ||     2
 Fire: Shortbow          |   109 |   145 |    35 ||   289
Invok: Fiery Armour      |       |     4 |     2 ||     6
       Foxfire Swarm     |       |     1 |     3 ||     4
  Use: Scroll            |       |     7 |     2 ||     9
Armor: Leather armour    |    19 |    16 |     9 ||    44
       Plate armour      |       |       |    23 ||    23
Dodge: Dodged            |    36 |    48 |    26 ||   110
